 Dungeon Crawl Stone Soup version 0.32-a0-765-gfba4d74c8c (webtiles) character file.

Game seed: 11572313001422716615

483 Nattfarinn the Covert (level 6, -2/32 HPs)
             Began as a Deep Elf Earth Elementalist on Mar 18, 2024.
             Slain by a sleepcap (5 damage)
             ... on level 3 of the Dungeon.
             The game lasted 00:04:31 (2142 turns).

Nattfarinn the Covert (Deep Elf Earth Elementalist) Turns: 2142, Time: 00:04:32

Health: -2/32      AC:  2    Str:  5    XL:     6   Next: 87%
Magic:  11/17      EV: 11    Int: 22    God:
Gold:   72         SH:  0    Dex: 15    Spells: 16/17 levels left

rFire   . . .        f - +1 dagger (drain)
rCold   . . .        (no shield)
rNeg    . . .        a - +0 robe
rPois   .            (no helmet)
rElec   .            (no cloak)
rCorr   .            (no gloves)
SInv    .            (no boots)
Will    .....        (no amulet)
Stlth   ++++         (no ring)
HPRegen 0.25/turn    (no ring)
MPRegen 0.15/turn

%: no passive effects
@: no status effects
A: no striking features
a: no special abilities


You were on level 3 of the Dungeon.
You visited 1 branch of the dungeon, and saw 3 of its levels.

You collected 94 gold pieces.
You spent 22 gold pieces at shops.

Inventory:

Hand Weapons
 f - a +1 dagger of draining (weapon)
 g - a +1 whip of electrocution
Armour
 a - a +0 robe (worn)
Jewellery
 l - a ring of see invisible
Scrolls
 c - a scroll of blinking {unknown}
 d - a scroll of fear {unknown}
 i - 2 scrolls of poison
 j - a scroll of fog {unknown}
 m - a scroll of immolation {unknown}
 n - a scroll of identify
 o - a scroll of enchant weapon {unknown}
Potions
 b - a potion of magic
 k - a potion of might


   Skills:
 * Level 2.5 Dodging
 - Level 8.0 Stealth
 + Level 6.2 Spellcasting
 - Level 1.1 Conjurations
 - Level 3.2 Earth Magic


You had 16 spell levels left.
You knew the following spells:

 Your Spells              Type           Power      Damage    Failure   Level
a - Sandblast             Erth           42%        2d11      2%          1

Your spell library contained the following spells:

 Spells                   Type           Power      Damage    Failure   Level
 Magic Dart               Conj           44%        1d5       6%          1
 Passwall                 Erth           21%        N/A       7%          3
 Searing Ray              Conj           22%        2d5       9%          2
 Stone Arrow              Conj/Erth      32%        3d9       11%         3
 Brom's Barrelling Bould  Conj/Erth      16%        2d4       34%         4
 Petrify                  Alch/Erth      14%        N/A       41%         4
 Fulminant Prism          Conj/Alch      4%         3d5       56%         4


Dungeon Overview and Level Annotations

Branches:
Dungeon (3/15)

Altars:
Dithmenos

Shops:
D:2 *


Message History

The sleepcap releases spores at you.
You are engulfed in a cloud of soporific spores!
You fall asleep.
The sleepcap releases spores at you.
You wake up.
* * * LOW HITPOINT WARNING * * *
You are engulfed in a cloud of soporific spores!
You are unaffected.
Unknown command.
Casting: Sandblast (safe; 2% risk of failure)
Confirm with . or Enter, or press ? or * to list all spells.
Aiming: Sandblast (safe; 2% risk of failure)
Press: ? - help, Shift-Dir - straight line, f/p - sleepcap
Aim: a sleepcap (severely damaged, heavily drained, 100% to hit)
The blast of sand hits the sleepcap.
The sleepcap is almost destroyed.
The sleepcap releases spores at you but does no damage.
The sleepcap releases spores at you.
* * * LOW HITPOINT WARNING * * *
You are engulfed in a cloud of soporific spores!
You are unaffected.
Unknown command.
Casting: Sandblast (safe; 2% risk of failure)
Confirm with . or Enter, or press ? or * to list all spells.
Aiming: Sandblast (safe; 2% risk of failure)
Press: ? - help, Shift-Dir - straight line, f/p - sleepcap
Aim: a sleepcap (almost destroyed, heavily drained, 100% to hit)
The blast of sand hits the sleepcap but does no damage.
The sleepcap is almost destroyed.
The sleepcap releases spores at you but does no damage.
Your magical contamination has completely faded away.
Unknown command.
Casting: Sandblast (safe; 2% risk of failure)
Confirm with . or Enter, or press ? or * to list all spells.
Aiming: Sandblast (safe; 2% risk of failure)
Press: ? - help, Shift-Dir - straight line, f/p - sleepcap
Aim: a sleepcap (almost destroyed, heavily drained, 100% to hit)
The blast of sand hits the sleepcap.
The sleepcap is almost destroyed.
The sleepcap releases spores at you.
You die...

##### ## ####(.. ..
...#.# ###. .....#
#...###### .....#
#......# ..†..##### #
#.f@# ...#.....#
#.#.#.# ########.#
#.###.## #.....#.#
#......#.#
##[#.....#####......#
.....#.#.....#.######
##...#.......#.##
##...#..........#
..>.............#


You could see a sleepcap (very drained).

Vanquished Creatures
  Grinder (D:3)
  Sigmund (D:2)
  An orc wizard (D:3)
  2 adders
  A gnoll (D:2)
  3 ribbon worms
  3 dart slugs
  5 ball pythons
  7 bats
  2 endoplasms
  A giant cockroach (D:1)
  8 goblins
  3 hobgoblins
  9 kobolds
  4 quokkas
  4 frilled lizards
  5 rats
60 creatures vanquished.

Notes
Turn   | Place    | Note
-------+----------+-------------------------------------------
     0 | D:1      | Nattfarinn the Deep Elf Earth Elementalist began the quest
                  | for the Orb.
     0 | D:1      | Reached XP level 1. HP: 10/10 MP: 6/6
    97 | D:1      | Reached skill level 3 in Stealth
    99 | D:1      | Reached XP level 2. HP: 15/15 MP: 2/8
   415 | D:1      | Found a faded altar of an unknown god.
   422 | D:1      | Reached skill level 4 in Stealth
   422 | D:1      | Reached XP level 3. HP: 19/19 MP: 6/10
   865 | D:2      | Found a shadowy altar of Dithmenos.
   966 | D:2      | Found Ycritih's General Store.
   971 | D:2      | Bought a scroll of identify for 22 gold pieces
  1019 | D:2      | Noticed Sigmund
  1026 | D:2      | Killed Sigmund
  1027 | D:2      | Reached skill level 6 in Stealth
  1027 | D:2      | Reached skill level 5 in Spellcasting
  1027 | D:2      | Reached XP level 4. HP: 7/24 MP: 5/13
  1027 | D:2      | Reached XP level 5. HP: 8/28 MP: 5/14
  1637 | D:3      | Noticed Grinder
  1644 | D:3      | Killed Grinder
  1645 | D:3      | Reached skill level 7 in Stealth
  1645 | D:3      | Reached XP level 6. HP: 27/32 MP: 10/17
  1884 | D:3      | Reached skill level 8 in Stealth
  2142 | D:3      | Slain by a sleepcap

Illustrated notes

Levels and vault maps discovered:
D:1:      eino_arrival_cavern_b, layout_rooms, basic_ecumenical_altar,
          minmay_heptomino_h4
D:2:      layout_basic, serial_shops, nicolae_shop_real_fake_doors, basic_altar,
          minmay_split_cup_large, uniq_sigmund
D:3:      layout_basic, uniq_grinder

Skill      XL: |  1  2  3  4  5  6 |
---------------+-------------------+-----
Stealth        | 3 4 6 7 8 |  8.0
Spellcasting   | 5 6 |  6.2
Dodging        | |  2.5
Conjurations   | |  1.1
Earth Magic    | |  3.2

Action                     |  1- 3 |  4- 6 || total
---------------------------+-------+-------++-------
  Melee: Dagger            |       |    23 ||    23
   Cast: Sandblast         |    48 |    45 ||    93
    Use: Scroll            |     1 |       ||     1
         Potion            |       |     3 ||     3
   Stab: Sleeping          |       |     1 ||     1
 Armour: Robe              |     7 |    34 ||    41
         Skin              |       |     7 ||     7
  Dodge: Dodged            |     6 |    17 ||    23

Table legend: (Time is in decaauts)
 A = Elapsed time spent in this place.
 B = Non-inter-level travel time spent in this place.
 C = Inter-level travel time spent in this place.
 D = Time resting spent in this place.
 E = Time spent auto-exploring this place.
 F = Levels seen in this place.
 G = Mean time per level.
                   A        B        C        D        E       F      G
               +--------+--------+--------+--------+--------+-----+--------+
         Total |   2191 |   2133 |     58 |    218 |   1560 |   3 |  730.3 |
       Dungeon |   2191 |   2133 |     58 |    218 |   1560 |   3 |  730.3 |
               +--------+--------+--------+--------+--------+-----+--------+

Top non-repeatable levels by time:
     D:2: 903 daAuts
     D:1: 751 daAuts
     D:3: 537 daAuts
